 Dungeon Sprint DCSS version 0.30-a0-591-g3c58d2bc28 (webtiles) character file.

Game seed: 16006950426214316865

1255 BigDaddyOpFi the Cleaver (level 8, 0/82 HPs)
             Began as a Hill Orc Fighter on Jan 5, 2023.
             Was a Believer of Qazlal.
             Slain by a six-headed hydra (4 damage)
             ... while petrified by a basilisk
             ... in the Dungeon (Sprint IX: "|||||||||||||||||||||||||||||").
             The game lasted 00:01:41 (721 turns).

BigDaddyOpFi the Cleaver (Hill Orc Fighter)          Turns: 721, Time: 00:01:42

Health: 0/82       AC: 15    Str: 24    XL:     8   Next: 51%
Magic:  8/8        EV:  2    Int:  8    God:    Qazlal [**....]
Gold:   0          SH:  0    Dex: 10    Spells: 7/7 levels left

rFire   . . .      SeeInvis .    m - +1 broad axe (freeze)
rCold   . . .      Faith    .    c - +0 buckler
rNeg    + + +      Spirit   .    p - +1 chain mail
rPois   ∞          Reflect  .    n - +0 helmet
rElec   .          Harm     .    (no cloak)
rCorr   .          Rampage  .    (no gloves)
Will    .....      NoTele   +    o - +0 pair of boots Stlth
                                 (no amulet)
HPRegen 0.33/turn                q - +3 ring of strength
MPRegen 0.11/turn                r - +2 ring of evasion

@: petrified
A: no striking features
a: Renounce Religion, Upheaval


You were in the Dungeon.
You worshipped Qazlal.
Qazlal was pleased with you.
You visited 1 branch

Inventory:

Hand Weapons
 a - a +0 war axe
 m - a +1 broad axe of freezing (weapon)
Armour
 c - a +0 buckler (worn)
 n - a +0 helmet (worn)
 o - a +0 pair of boots (worn)
 p - a +1 chain mail (worn)
Jewellery
 q - a +3 ring of strength (left hand)
 r - a +2 ring of evasion (right hand)
Wands
 l - a wand of roots (9) (quivered)
Scrolls
 j - 2 scrolls of blinking
 k - 2 scrolls of amnesia
Potions
 d - a potion of invisibility
 e - 5 potions of curing
 f - 2 potions of heal wounds
 g - a potion of haste
 h - 4 potions of magic
 i - a potion of berserk rage


   Skills:
 + Level 11.6 Fighting
 + Level 12.2 Axes
 + Level 10.6 Armour
 + Level 10.6 Shields


You had 7 spell levels left.
You didn't know any spells.
Your spell library was empty.

Dungeon Overview and Level Annotations

Branches:
Dungeon (1/1)

Altars:
Cheibriados
Dithmenos
Elyvilon
Fedhas
Gozag
Hepliaklqana
Kikubaaqudgha
Makhleb
Nemelex Xobeh
Okawaru
Qazlal
Ru
Sif Muna
Trog
Uskayaw
Vehumet
Wu Jian
Xom
Yredelemnul
Zin
The Shining One
Beogh
Jiyva
Lugonu


Message History

The boulder beetle bites you but does no damage.
The basilisk closely misses you.
You hit the basilisk.
The basilisk seems to slow down.
You freeze the basilisk.
The basilisk is severely wounded.
You hit the boulder beetle but do no damage.
You block the boulder beetle's attack. The basilisk gazes at you.
You are slowing down.
You slash the basilisk! You freeze the basilisk.
You kill the basilisk!
Qazlal accepts your kill.
You hit the boulder beetle. You freeze the boulder beetle.
The boulder beetle bites you. The boulder beetle bites you!
The acid dragon bites you!
The acid dragon claws you but does no damage.
Your limbs are stiffening.
You hit the acid dragon but do no damage.
You barely miss the boulder beetle. The boulder beetle bites you.
You have turned to stone.
The boulder beetle bites you! The six-headed hydra bites you.
The six-headed hydra bites you but does no damage. x2
The six-headed hydra bites you! x2
* * * LOW HITPOINT WARNING * * *
The six-headed hydra completely misses you.
The boulder beetle bites you!
* * * LOW HITPOINT WARNING * * *
The six-headed hydra bites you but does no damage. x3
The six-headed hydra bites you!
* * * LOW HITPOINT WARNING * * *
The six-headed hydra bites you.
* * * LOW HITPOINT WARNING * * *
The six-headed hydra bites you but does no damage.
The boulder beetle bites you but does no damage.
The six-headed hydra bites you.
* * * LOW HITPOINT WARNING * * *
The six-headed hydra bites you!
* * * LOW HITPOINT WARNING * * *
The six-headed hydra bites you but does no damage. x2
The six-headed hydra bites you!
You die... ▓▓▓▓▓▓▓▓▓▓▓▓▓▓▓▓▓▓▓▓▓▓▓▓ ..).....[).....B@DDy...+ ▓▓▓▓▓▓▓▓▓▓▓▓▓▓▓▓▓▓▓▓▓▓▓▓

You could see a boulder beetle, a six-headed hydra, an acid dragon and a vampire mosquito.

Vanquished Creatures
  A troll (D)
  A yak (D)
  A slime creature (D)
  2 wyverns (D)
  A basilisk (D)
  A steam dragon (D)
  2 phantoms (D)
  A hound (D)
  An orc wizard (D)
  An adder (D)
  A shadow imp (D)
  A giant cockroach (D)
  2 goblins (D)
  A kobold (D)
  A quokka (D)
18 creatures vanquished.

Notes
Turn   | Place    | Note
-------+----------+-------------------------------------------
     0 | D        | BigDaddyOpFi the Hill Orc Fighter began the quest for the
                  | Orb.
     0 | D        | Reached XP level 1. HP: 19/19 MP: 1/1
     5 | D        | Reached skill level 3 in Axes
    19 | D        | Reached XP level 2. HP: 27/27 MP: 2/2
   125 | D        | Noticed a phantom
   125 | D        | Noticed a phantom
   134 | D        | Reached skill level 4 in Axes
   137 | D        | Reached XP level 3. HP: 26/35 MP: 3/3
   145 | D        | Killed a phantom
   146 | D        | Reached skill level 6 in Axes
   146 | D        | Reached skill level 5 in Armour
   146 | D        | Reached skill level 5 in Shields
   146 | D        | Reached XP level 4. HP: 22/45 MP: 4/4
   149 | D        | Reached XP level 5. HP: 26/51 MP: 5/5
   151 | D        | Killed a phantom
   152 | D        | Reached skill level 7 in Axes
   158 | D        | Found a roughly hewn altar of Beogh.
   158 | D        | Found a snail-covered altar of Cheibriados.
   158 | D        | Found a shadowy altar of Dithmenos.
   158 | D        | Found a white marble altar of Elyvilon.
   158 | D        | Found a blossoming altar of Fedhas.
   158 | D        | Found an opulent altar of Gozag.
   159 | D        | Found a hazy altar of Hepliaklqana.
   160 | D        | Found a viscous altar of Jiyva.
   161 | D        | Found an ancient bone altar of Kikubaaqudgha.
   166 | D        | Found a corrupted altar of Lugonu.
   241 | D        | Found a burning altar of Makhleb.
   242 | D        | Found a sparkling altar of Nemelex Xobeh.
   243 | D        | Found an iron altar of Okawaru.
   244 | D        | Found a stormy altar of Qazlal.
   245 | D        | Found a sacrificial altar of Ru.
   246 | D        | Found a shimmering blue altar of Sif Muna.
   247 | D        | Found a bloodstained altar of Trog.
   248 | D        | Found a hide-covered altar of Uskayaw.
   249 | D        | Found a radiant altar of Vehumet.
   250 | D        | Found an ornate altar of the Wu Jian Council.
   251 | D        | Found a shimmering altar of Xom.
   252 | D        | Became a worshipper of Qazlal Stormbringer
   253 | D        | Found a basalt altar of Yredelemnul.
   254 | D        | Found a glowing silver altar of Zin.
   255 | D        | Found a glowing golden altar of the Shining One.
   307 | D        | Noticed a wyvern
   307 | D        | Noticed a steam dragon
   307 | D        | Noticed a yak
   307 | D        | Noticed a troll
   307 | D        | Noticed a wyvern
   310 | D        | Killed a wyvern
   311 | D        | Reached skill level 9 in Axes
   311 | D        | Reached XP level 6. HP: 20/62 MP: 6/6
   312 | D        | Killed a steam dragon
   313 | D        | Reached skill level 10 in Axes
   313 | D        | Reached XP level 7. HP: 47/70 MP: 7/7
   320 | D        | Killed a yak
   320 | D        | Reached * piety under Qazlal
   321 | D        | Reached skill level 10 in Fighting
   325 | D        | Killed a troll
   326 | D        | Reached skill level 11 in Axes
   332 | D        | Killed a wyvern
   333 | D        | Reached skill level 10 in Armour
   333 | D        | Reached skill level 10 in Shields
   333 | D        | Reached XP level 8. HP: 25/82 MP: 8/8
   333 | D        | Reached ** piety under Qazlal
   705 | D        | Noticed a boulder beetle
   705 | D        | Noticed a slime creature
   705 | D        | Noticed a six-headed hydra
   712 | D        | Killed a slime creature
   713 | D        | Reached skill level 12 in Axes
   721 | D        | HP: 4/82 [six-headed hydra (4)]
   721 | D        | Slain by a six-headed hydra

Illustrated notes

Levels and vault maps discovered:
D:        linesprint [early_d, line_temple, items_1, d_10, items_2, lair_1,
          lair_end, items_3, orc_1, orc_end, items_4, d_15, swamp_1, shoals_1,
          snake_1, spider_1, d_20, vaults_1, items_5, swamp_end, shoals_end,
          snake_end, spider_end, vaults_end, d_27, items_6, zot_1, zot_end,
          crypt_end, forest_end, elf_end, slime_end, tomb_end, abyss_end,
          pan_hell_end]

Skill      XL: |  1  2  3  4  5  6  7  8 |
---------------+-------------------------+-----
Axes           | 3 4 6 9 10 11 12 | 12.2
Fighting       | 4 6 8 9 11 | 11.6
Armour         | 4 5 6 8 10 | 10.6
Shields        | 4 5 6 8 10 | 10.6

Action                   |  1- 3 |  4- 6 |  7- 9 || total
-------------------------+-------+-------+-------++-------
Melee: War axe           |    34 |     6 |       ||    40
       Broad axe         |       |     3 |    32 ||    35
Evoke: Wand              |       |     1 |       ||     1
  Use: Potion            |     1 |     1 |       ||     2
Armor: Scale mail        |    10 |     2 |       ||    12
       Chain mail        |       |       |    22 ||    22
Dodge: Dodged            |    18 |     3 |    17 ||    38
Block: Buckler           |     8 |     3 |     9 ||    20

Table legend: (Time is in decaauts)
 A = Elapsed time spent in this place.
 B = Non-inter-level travel time spent in this place.
 C = Inter-level travel time spent in this place.
 D = Time resting spent in this place.
 E = Time spent auto-exploring this place.
 F = Levels seen in this place.
 G = Mean time per level.
                   A        B        C        D        E       F      G
               +--------+--------+--------+--------+--------+-----+--------+
         Total |    736 |    736 |      0 |    542 |      0 |   1 |  736.0 |
       Dungeon |    736 |    736 |      0 |    542 |      0 |   1 |  736.0 |
               +--------+--------+--------+--------+--------+-----+--------+

Top non-repeatable levels by time:
       D: 736 daAuts
